 Dungeon Crawl Stone Soup version 0.20-a0-1109-ge3cd172 (webtiles) character file.

332 wolfsongas the Cudgeler (level 6, -9/51 HPs)
             Began as a Minotaur Fighter on May 6, 2017.
             Was an Initiate of Wu Jian.
             Mangled by an orc
             ... wielding a +0 flail
              (10 damage)
             ... on level 3 of the Dungeon.
             The game lasted 00:06:10 (1965 turns).

wolfsongas the Cudgeler (Minotaur Fighter)          Turns: 1965, Time: 00:06:11

Health: -9/51      AC:  3    Str: 21    XL:     6   Next: 26%
Magic:  5/5        EV:  9    Int:  5    God:    Wu Jian [......]
Gold:   137        SH:  0    Dex: 13    Spells: 5/5 levels left

rFire    . . .     SeeInvis .   l - +1 quarterstaff
rCold    . . .     Gourm    .   (shield currently unavailable)
rNeg     . . .     Faith    .   b - +0 scale mail
rPois    .         Spirit   .   (helmet restricted)
rElec    .         Reflect  .   (no cloak)
rCorr    .         Harm     .   (no gloves)
MR       .....                  (no boots)
Stlth    ..........             (no amulet)
Regen    0.2/turn               (no ring)
MPRegen  0.1/turn               (no ring)

@: confused, lethally poisoned (-9 -> -10)
A: retaliatory headbutt, horns 2, thin skeletal structure 1, deformed body
a: Renounce Religion


You were on level 3 of the Dungeon.
You worshipped Wu Jian.
Wu Jian was noncommittal.
You were full.

You visited 1 branch of the dungeon, and saw 3 of its levels.

You collected 137 gold pieces.

Inventory:

Hand Weapons
 a - a +1 flail
 l - a +1 quarterstaff (weapon)
Armour
 b - a +0 scale mail (worn)
 c - a +0 shield
Jewellery
 m - a cursed ring of loudness
Wands
 d - a wand of lightning (8/15)
Scrolls
 h - a scroll of amnesia
 i - a scroll of fear
Potions
 e - a potion of flight
 k - a potion of curing
Comestibles
 f - 3 bread rations
 g - 2 royal jellies
 j - a meat ration


   Skills:
 - Level 3.6 Fighting
 - Level 6.0(6.9) Maces & Flails
 + Level 5.0(6.4) Staves
 - Level 3.6 Armour
 - Level 3.6 Shields


You had 5 spell levels left.
You didn't know any spells.

Dungeon Overview and Level Annotations

Branches:
Dungeon (3/15)

Altars:
Hepliaklqana
Makhleb
Wu Jian


Innate Abilities, Weirdness & Mutations

You reflexively headbutt those who attack you in melee.
You have a pair of horns on your head.
You have a somewhat thin skeletal structure. (Dex +2, Stealth)
Armour fits poorly on your strangely shaped body.


Message History

* * * LOW HITPOINT WARNING * * *
You are poisoned.
The adder poisons you! The orc hits you but does no damage.
You hear some strange, mumbled words.
You are confused.
You miss something. Your headbutt misses something.
You feel sick. The adder completely misses you.
You hear some strange, mumbled words.
You are more confused.
The orc hits you with a flail.
* * * LOW HITPOINT WARNING * * *
The adder closely misses you.
You're too confused!
You sock the adder!
You kill the adder!
The Council accepts your kill. Something hits you.
* * * LOW HITPOINT WARNING * * *
The orc hits you with a flail!
You die...

...# #....# ...# #....#
######### ..## #....#
#....(... .## #....#
#..%..... ######....#
#........ .....#....##
#..$.....
####.......#####........
##.##.#...†##{)....(.
#....####...@o......
###..###..##########
#### ##.......#
...###.......##
.#............#
.#####........#
.#####........#
..##.........##
#######.....##


You could see an orc.

Vanquished Creatures
  Sigmund (D:3)
  Ijyb (D:3)
  Jessica (D:2)
  3 gnolls (D:2)
  4 adders
  2 worms (D:2)
  4 dart slugs
  2 orcs (D:3)
  4 bats
  2 giant cockroaches
  5 goblins (D:2)
  5 hobgoblins
  6 jackals (D:1)
  8 kobolds
  A ball python (D:1)
  5 frilled lizards
  6 rats
60 creatures vanquished.

Notes
Turn   | Place    | Note
-------+----------+-------------------------------------------
     0 | D:1      | wolfsongas the Minotaur Fighter began the quest for the Orb.
     0 | D:1      | Reached XP level 1. HP: 19/19 MP: 0/0
    69 | D:1      | Reached skill level 3 in Maces & Flails
   113 | D:1      | Reached XP level 2. HP: 24/26 MP: 1/1
   295 | D:1      | You fall through a shaft!
   321 | D:2      | Reached skill level 4 in Maces & Flails
   360 | D:2      | Reached XP level 3. HP: 31/31 MP: 2/2
   526 | D:2      | Noticed Jessica
   534 | D:2      | Killed Jessica
   534 | D:2      | Reached skill level 5 in Maces & Flails
   534 | D:2      | Reached XP level 4. HP: 23/39 MP: 3/3
  1022 | D:2      | Reached skill level 6 in Maces & Flails
  1468 | D:3      | Reached skill level 1 in Staves
  1505 | D:3      | Noticed Sigmund
  1517 | D:3      | Killed Sigmund
  1517 | D:3      | Reached XP level 5. HP: 45/45 MP: 4/4
  1517 | D:3      | Reached XP level 6. HP: 51/51 MP: 5/5
  1534 | D:3      | Noticed Ijyb
  1539 | D:3      | Killed Ijyb
  1670 | D:3      | Found a hazy altar of Hepliaklqana.
  1675 | D:3      | Found a burning altar of Makhleb.
  1677 | D:3      | Found an ornate altar of the Wu Jian Council.
  1683 | D:3      | Became a worshipper of the Wu Jian Council
  1889 | D:3      | Gained mutation: Armour fits poorly on your strangely shaped body. [potion of mutation]
  1889 | D:3      | Gained mutation: You have a somewhat thin skeletal structure. (Dex +2, Stealth) [potion of mutation]
  1959 | D:3      | Reached skill level 5 in Staves
  1965 | D:3      | HP: 1/51 [something (2)]
  1965 | D:3      | Mangled by an orc

Vault maps used:
D:1:      erik_arrival_triangle_small, minmay_tromino_v4_c
D:2:      uniq_jessica
D:3:      minitemple, first_bread, kennysheep_path_1, uniq_sigmund, uniq_ijyb,
          uniq_crazy_yiuf_cottage

Skill      XL: |  1  2  3  4  5  6 |
---------------+-------------------+-----
Maces & Flails | 3 4 5 6 |  6.0
Staves         | 4 5 |  5.0
Fighting       | |  3.6
Armour         | |  3.6
Shields        | |  3.6

Action                   |  1- 3 |  4- 6 || total
-------------------------+-------+-------++-------
Melee: Flail             |    58 |    29 ||    87
       Headbutt          |     7 |     7 ||    14
       Quarterstaff      |       |    38 ||    38
  Use: Scroll            |     3 |     8 ||    11
       Potion            |     2 |     5 ||     7
  Eat: Royal jelly       |       |     2 ||     2
       Meat ration       |       |     1 ||     1
Armor: Scale mail        |    35 |    18 ||    53
Dodge: Dodged            |    28 |    43 ||    71
